[Event "*** Titled Tuesday Blitz"]
[Site "Chess.com"]
[Date "2021.04.06"]
[Round "5"]
[White "vugarrasulov"]
[Black "731291"]
[Result "1/2-1/2"]
[WhiteElo "2868"]
[BlackElo "2677"]
[TimeControl "180+1"]
[EndTime "10:56:58 PDT"]
[Termination "Game drawn by repetition"]

1. e4 c5 2. Nf3 e6 3. d4 cxd4 4. Nxd4 Nc6 5. Nc3 Qc7 6. g3 a6 7.
Bg2 Nf6 8. O-O d6 9. Re1 Bd7 10. Nxc6 Bxc6 11. Nd5 Qd8 12. Bg5 Be7 13. Bxf6 Bxf6 14.
Nxf6+ gxf6 15. Qg4 Ke7 16. Rad1 Qa5 17. a3 h5 18. Qf4 Qe5 19. Qc1 h4 20. Rd3 hxg3 21.
hxg3 Rh5 22. b4 Rah8 23. f4 Qb5 24. c4 Qb6+ 25. Qe3 Qxe3+ 26. Rexe3 f5 27. exf5 Rxf5 28. Bxc6 bxc6 29. Kg2 Rfh5 30. Kf3 Rh1 31. c5 d5 32. Rd2 Rf1+ 33. Rf2 Rd1 34. f5 Rh5 35. Kg4 Rh6 36. Kg5 Rdh1 37. g4 f6+ 38. Kf4 e5+ 39. Kf3 R6h3+ 40.
Ke2 Re1+ 41. Kxe1 Rxe3+ 42. Kd2 Rxa3 43. Rf1 e4 44. Rh1 d4 45. Rh7+ Kf8 46. Rd7 Rd3+ 47. Ke2 Re3+ 48. Kd2 Rd3+ 49. Ke2 Re3+ 50. Kd2 Rd3+ 1/2-1/2

[Event "*** Titled Tuesday Blitz"]
[Site "Chess.com"]
[Date "2021.04.06"]
[Round "5"]
[White "Zhigalko_Sergei"]
[Black "Ermito2020"]
[Result "0-1"]
[WhiteElo "2892"]
[BlackElo "2558"]
[TimeControl "180+1"]
[EndTime "10:57:00 PDT"]
[Termination "Ermito2020 won by resignation"]

1. e4 c5 2. Nf3 d6 3. d4 cxd4 4.
Qxd4 Nf6 5. Nc3 a6 6. Bc4 Nc6 7. Qd3 Bg4 8. Bb3 g6 9. Bg5 Bg7 10. O-O-O O-O 11. h3 Bxf3 12. Qxf3 Ne5 13. Qe2 b5 14. f4 Nc4 15. e5 Nd7 16. Bxc4 bxc4 17. Rxd6 h6 18. Bh4 g5 19. Rhd1 exd6 20. fxg5 hxg5 21.
Bg3 Nxe5 22. Ne4 Rb8 23. Rxd6 Qe7 24. Qh5 Rfe8 25. Rd5 Qb7 26. Bxe5 Qxd5 27. Nxg5 Rxe5 28. Qh7+ Kf8 0-1

[Event "*** Titled Tuesday Blitz"]
[Site "Chess.com"]
[Date "2021.04.06"]
[Round "5"]
[White "mitrabhaa"]
[Black "eldur16"]
[Result "1-0"]
[WhiteElo "2750"]
[BlackElo "2568"]
[TimeControl "180+1"]
[EndTime "10:57:01 PDT"]
[Termination "mitrabhaa won by checkmate"]

1. d4 Nf6 2. Nf3 g6 3. Bg5 Bg7 4. Nbd2 O-O 5. c3 d6 6. e4 c5 7. dxc5 dxc5 8. Bc4 Nc6 9. Qe2 Qc7 10. O-O b6 11.
Rad1 Bb7 12. Rfe1 Rad8 13. e5 Ng4 14. e6 f5 15. h3 Nf6 16. Nf1 Kh8 17. Ng3 Rxd1 18.
Rxd1 Rd8 19. Rxd8+ Qxd8 20. Bb5 Qd5 21. Bc4 Qd6 22. a4 Ne8 23. Bc1 Ne5 24. Ng5 Qc6 25. f3 Nd6 26. Nf7+ Ndxf7 27. exf7 Qf6 28. Bf4 Nxf7 29.
Bb8 Nd6 30. Bxa7 Qh4 31. Ba2 Qxg3 32. Qxe7 h5 33. Qe3 Be5 34. Qh6# 1-0

[Event "*** Titled Tuesday Blitz"]
[Site "Chess.com"]
[Date "2021.04.06"]
[Round "5"]
[White "SaqoChess_Twitch"]
[Black "2Tilted"]
[Result "0-1"]
[WhiteElo "2447"]
[BlackElo "2339"]
[TimeControl "180+1"]
[EndTime "10:57:01 PDT"]
[Termination "2Tilted won by resignation"]

1. d4 Nf6 2. e3 d5 3. Nf3 Bf5 4. Be2 e6 5. O-O Bd6 6. Nbd2 h6 7. b3 O-O 8. Bb2 Qe7 9. Ne5 c5 10. f4 Nc6 11. c4 cxd4 12. exd4 dxc4 13. Nxc6 bxc6 14.
Nxc4 Rfd8 15. Qc1 Rac8 16. Ne5 c5 17. Nc4 Ne4 18. Qe3 cxd4 19. Bxd4 Bb8 20. Rad1 Nf6 21. Bf3 Nd5 22. Bxd5 Rxd5 23. Be5 Rcd8 24. Bxb8 Rxd1 25. Bxa7 Rxf1+ 26. Kxf1 Bd3+ 27. Kf2 Bxc4 28. bxc4 Qb7 29. Bd4 Qa6 30. c5 Qxa2+ 31. Kg3 Qd5 32. Be5 Rc8 33. Bd6 h5 34. h3 Rc6 35. Kh2 Rxd6 36. cxd6 Qxd6 37.
Qf3 g6 38. Kg3 Kg7 39. Kh2 Qc7 40. Qe3 g5 41. Qd4+ f6 42. g3 h4 43. fxg5 Qxg3+ 44. Kh1 Qxh3+ 45. Kg1 Qg3+ 46. Kh1 Qxg5 47. Qd7+ Kg6 48.
Qxe6 Qc1+ 49. Kh2 Qd2+ 50. Kh1 Qc1+ 51. Kh2 Qc2+ 52. Kh3 Qf5+ 53. Qxf5+ Kxf5 54. Kxh4 Kf4 55. Kh3 Kf3 56. Kh2 f5 57. Kg1 f4 58. Kf1 Kg3 59. Kg1 f3 60. Kh1 Kf2 61. Kh2 Ke1 62. Kg3 0-1

[Event "*** Titled Tuesday Blitz"]
[Site "Chess.com"]
[Date "2021.04.06"]
[Round "5"]
[White "Natalya_Buksa"]
[Black "MarkoPe"]
[Result "1-0"]
[WhiteElo "2513"]
[BlackElo "2270"]
[TimeControl "180+1"]
[EndTime "10:57:02 PDT"]
[Termination "Natalya_Buksa won on time"]

1. d4 d5 2. Nc3 Nf6 3. Bf4 c6 4. e3 Bf5 5. Nf3 e6 6. Ne5 Nbd7 7. g4 Bg6 8. h4 h5 9. Nxg6 fxg6 10. Bd3 Kf7 11. g5 Bb4 12. gxf6 gxf6 13. Rg1 Rg8 14. Qd2 Qa5 15. a3 Be7 16. Ne2 Qb6 17. c3 e5 18. Bh2 e4 19. Bb1 f5 20. Bg3 Qd8 21. Rh1 a5 22. Ba2 b5 23. a4 b4 24. c4 Nb6 25. Rc1 Nxa4 26. cxd5 cxd5 27. Nf4 b3 28. Bxb3 Bb4 29. Rc3 Bxc3 30. bxc3 Nb6 31. Ke2 a4 32. Ba2 Qd7 33. Rb1 Nc4 34. Qc1 Rgb8 35. Nh3 Rxb1 36.
Qxb1 Ra7 37. Ng5+ Kg7 38. Bxc4 dxc4 39. Qb8 Kf6 40. Be5+ Ke7 41. Qh8 Rb7 42. Qg7+ Kd8 43. Qxg6 a3 44. Ne6+ 1-0

[Event "*** Titled Tuesday Blitz"]
[Site "Chess.com"]
[Date "2021.04.06"]
[Round "5"]
[White "Larciano"]
[Black "Schack-Hugo"]
[Result "0-1"]
[WhiteElo "1954"]
[BlackElo "2196"]
[TimeControl "180+1"]
[EndTime "10:57:03 PDT"]
[Termination "Schack-Hugo won by checkmate"]

1. e4 c5 2. c3 g6 3. d4 cxd4 4. cxd4 d5 5. Nc3 dxe4 6. Bc4 Nf6 7. Qb3 e6 8. Nge2 h6 9. d5 exd5 10. Nxd5 Bg7 11. O-O O-O 12. Bf4 Nxd5 13. Bxd5 Nc6 14. Rfd1 Qb6 15. Qc2 Qxb2 16. Qxe4 Bf5 17. Qf3 Rae8 18.
Ng3 Nd4 19. Rxd4 Qxa1+ 20. Rd1 Re1+ 21. Nf1 Rxd1 22. Bc4 Re8 23. g4 Bd3 24. Bxd3 Ree1 25. Kg2 Rxf1 26. Bxf1 Rxf1 27. Qxb7 Rg1+ 28. Kh3 Qf1+ 29.
Kh4 g5+ 30. Kh5 Qh3# 0-1

[Event "*** Titled Tuesday Blitz"]
[Site "Chess.com"]
[Date "2021.04.06"]
[Round "5"]
[White "klimkoj"]
[Black "Jumbo"]
[Result "0-1"]
[WhiteElo "2599"]
[BlackElo "2830"]
[TimeControl "180+1"]
[EndTime "10:57:04 PDT"]
[Termination "Jumbo won by checkmate"]

1. e4 c5 2. Nf3 d6 3. d4 cxd4 4. Nxd4 Nf6 5. Nc3 a6 6. Be3 e6 7. f3 b5 8. Qd2 b4 9. Nce2 e5 10. Nb3 Nc6 11. Ng3 Be6 12. Bd3 Be7 13. O-O O-O 14. c4 bxc3 15. Qxc3 Qd7 16. Rfc1 Rfc8 17. Qe1 Qb7 18. Qf2 Nb4 19. Qe2 Nxa2 20. Rxc8+ Qxc8 21.
Rxa2 Bxb3 22. Rxa6 g6 23. Rxa8 Qxa8 24. Qd2 d5 25.
exd5 Nxd5 26. Bf2 Bb4 27. Qc1 Nf4 28. Bf1 Bd5 29. Qe3 Qb8 30. Ne4 Kg7 31. Nc3 Bc6 32. Qb6 Qd6 33. Nb5 Qd1 34. g3 Nh3+ 35. Kg2 Qxf3+ 36.
Kxh3 Qh5# 0-1

[Event "*** Titled Tuesday Blitz"]
[Site "Chess.com"]
[Date "2021.04.06"]
[Round "5"]
[White "ethylalcohol"]
[Black "SergeyShtyka"]
[Result "0-1"]
[WhiteElo "2131"]
[BlackElo "2399"]
[TimeControl "180+1"]
[EndTime "10:57:04 PDT"]
[Termination "SergeyShtyka won by checkmate"]

1. d4 c5 2. e3 Nf6 3. Nf3 e6 4. Be2 d5 5. O-O Nc6 6. Ne5 Bd6 7. f4 O-O 8. c3 Ne4 9. Nd2 Nxd2 10. Bxd2 f6 11. Nxc6 bxc6 12. Qc2 c4 13. e4 f5 14. e5 Be7 15. g4 g6 16. Kh1 Kh8 17. Rg1 Bd7 18. gxf5 gxf5 19. Rg3 Rg8 20. Rag1 Qa5 21. a3 Rxg3 22. Rxg3 Rg8 23. Rxg8+ Kxg8 24. Qd1 Be8 25. Qg1+ Kf8 26. Qg2 Qb6 27. Qh3 Bg6 28. Bc1 Kg7 29. Bh5 Qb3 30. Qg2 Kf7 31. Bf3 Qa2 32. Be3 Qb1+ 33.
Bg1 c5 34. dxc5 Bxc5 35. h4 Qe1 36. Qg5 Be7 37. Qg2 Bxh4 38. Kh2 a5 39. Qh3 Qd2+ 40.
Qg2 Qxf4+ 41. Kh3 Be7 42. Bh2 Qh4# 0-1

[Event "*** Titled Tuesday Blitz"]
[Site "Chess.com"]
[Date "2021.04.06"]
[Round "5"]
[White "FeketeBarika"]
[Black "Manukyan_Artak"]
[Result "1-0"]
[WhiteElo "2293"]
[BlackElo "2441"]
[TimeControl "180+1"]
[EndTime "10:57:04 PDT"]
[Termination "FeketeBarika won by checkmate"]

1. Nf3 g6 2. g3 h5 3. Bg2 Nc6 4.
O-O e5 5. c4 h4 6. Nc3 hxg3 7.
hxg3 d6 8. d4 Bh3 9. d5 Nce7 10.
Bg5 f6 11. Bd2 Qd7 12. Ne1 Bxg2 13. Nxg2 Qh3 14. f4 Qxg3 15. fxe5 dxe5 16. Ne4 Qh2+ 17. Kf2 f5 18. Ng3 f4 19. Ne4 Qh7 20. Qa4+ c6 21. Nd6+ Kd7 22. Nxb7 Nf6 23. dxc6+ Nxc6 24. Rad1 Ne4+ 25.
Ke1 Kc7 26. Na5 Qd7 27. Nxc6 Qxc6 28. Ba5+ Kb7 29. Rd7+ Qxd7 30. Qxd7+ Kb8 31. Qc7# 1-0

[Event "*** Titled Tuesday Blitz"]
[Site "Chess.com"]
[Date "2021.04.06"]
[Round "5"]
[White "biostatistician"]
[Black "Caterpiller35"]
[Result "1-0"]
[WhiteElo "2626"]
[BlackElo "2447"]
[TimeControl "180+1"]
[EndTime "10:57:06 PDT"]
[Termination "biostatistician won on time"]

1. d4 Nf6 2. Nf3 e6 3. c4 b6 4. Nc3 Bb4 5. Qc2 Bb7 6. a3 Bxc3+ 7. Qxc3 Ne4 8. Qc2 d6 9. g3 Nd7 10. Bg2 f5 11. O-O O-O 12. Ng5 Nxg5 13. Bxb7 Rb8 14.
Bc6 Nf7 15. e4 fxe4 16. Qxe4 e5 17. Be3 exd4 18. Bxd4 Nde5 19. Bd5 Kh8 20. f4 Ng4 21.
Rae1 Nf6 22. Qe7 Nh6 23. Qxd8 Rbxd8 24. Re7 Nxd5 25. cxd5 Nf5 26. Re4 Rfe8 27. Rfe1 Rxe4 28. Rxe4 Nxd4 29. Rxd4 Re8 30. Kf2 Kg8 31. Kf3 Kf7 32. Re4 Rc8 33. Rc4 Ke7 34. b4 Kd7 35. b5 a6 36.
bxa6 Ra8 37. Ra4 c6 38. Ke4 c5 39. Kd3 b5 40. Ra5 Kc7 41. a4 b4 42. Kc4 Kb6 43.
Rb5+ Kxa6 44. a5 Rc8 45. Rb6+ Kxa5 46. Rxd6 Rc7 47. f5 1-0

[Event "*** Titled Tuesday Blitz"]
[Site "Chess.com"]
[Date "2021.04.06"]
[Round "5"]
[White "Cryptochess"]
[Black "Sjakkerntobi"]
[Result "1-0"]
[WhiteElo "2556"]
[BlackElo "2390"]
[TimeControl "180+1"]
[EndTime "10:57:06 PDT"]
[Termination "Cryptochess won by checkmate"]

1. e4 e6 2. d4 d5 3. Nc3 h6 4. e5 c5 5. Nf3 Nc6 6. Ne2 cxd4 7. Nexd4 Nge7 8. Be3 Ng6 9. Bb5 Bd7 10.
c4 Ncxe5 11. cxd5 Nxf3+ 12. Qxf3 Ne5 13. Qg3 Bb4+ 14. Kf1 Bxb5+ 15. Nxb5 Qd7 16. a4 a6 17. Qxg7 Ng6 18. dxe6 Qd3+ 19. Kg1 O-O-O 20. Na7+ Kb8 21.
h4 fxe6 22. Rc1 Rc8 23. Nxc8 Rxc8 24. Rxc8+ Kxc8 25. Kh2 Bd6+ 26. g3 Nxh4 27. Rc1+ Kd8 28. Bb6+ Ke8 29. Rc8# 1-0

[Event "*** Titled Tuesday Blitz"]
[Site "Chess.com"]
[Date "2021.04.06"]
[Round "5"]
[White "nochewycandy"]
[Black "Byniolus"]
[Result "0-1"]
[WhiteElo "2611"]
[BlackElo "2885"]
[TimeControl "180+1"]
[EndTime "10:57:07 PDT"]
[Termination "Byniolus won by resignation"]

1. c4 d6 2. g3 e5 3. Bg2 g6 4.
Nc3 Bg7 5. e4 Ne7 6. Nge2 O-O 7. O-O f5 8. d3 Nbc6 9. Rb1 a5 10. a3 Be6 11. Nd5 Qd7 12. b4 axb4 13. axb4 fxe4 14. dxe4 Nd4 15. Nxd4 exd4 16. Bg5 Nc6 17.
b5 Ne5 18. Rc1 h6 19. Bd2 Ra2 20. Bb4 Bg4 21. f3 Rxg2+ 22. Kxg2 Rxf3 23. Rxf3 Bxf3+ 24. Qxf3 Nxf3 25. Kxf3 c6 26. bxc6 bxc6 27. Nf4 g5 28. Nd3 c5 29. Bd2 Qh3 30. Nf2 Qe6 31. h3 Kh7 32. Ba5 h5 33. Kg2 d3 34. Bd2 Bd4 35. Bxg5 Bxf2 36. Kxf2 Qxe4 37. Be3 Qf5+ 38. Kg2 Qe4+ 39. Kf2 Kg6 40. Rc3 Qf5+ 41. Kg2 Qe5 42. Rxd3 Qe4+ 0-1

[Event "*** Titled Tuesday Blitz"]
[Site "Chess.com"]
[Date "2021.04.06"]
[Round "5"]
[White "Rodalquilar"]
[Black "HackingKid98"]
[Result "1-0"]
[WhiteElo "2680"]
[BlackElo "2480"]
[TimeControl "180+1"]
[EndTime "10:57:07 PDT"]
[Termination "Rodalquilar won by resignation"]

1. d4 d5 2. Bf4 c6 3. e3 Bf5 4. c4 e6 5. Nc3 Nd7 6. Qb3 Qb6 7. c5 Qxb3 8. axb3 a6 9. b4 Rc8 10. Nf3 h6 11. Nd2 g5 12. Bg3 Be7 13. Nb3 Bd8 14. Na5 Bxa5 15. bxa5 f6 16. Bd6 Nf8 17. Ra4 Rh7 18.
Rb4 Rd7 19. Be2 Rcd8 20. Kd2 Ne7 21. Ra1 Nc8 22. Bb8 Ne7 23. Bg3 Nc8 24. Ra3 Na7 25.
Rb6 Ng6 26. Rab3 Nb5 27. Nxb5 axb5 28. a6 bxa6 29. Rxc6 Ra7 30. Ra3 Rda8 31. Rcxa6 Rxa6 32. Rxa6 Rxa6 33. Bxb5+ Kd8 34. Bxa6 e5 35. b4 Bc8 36. Bd3 e4 37. Be2 Ne7 38. b5 Nf5 39. Bb8 Bb7 40. c6 Ba8 41. c7+ 1-0

[Event "*** Titled Tuesday Blitz"]
[Site "Chess.com"]
[Date "2021.04.06"]
[Round "5"]
[White "Camels1981"]
[Black "UKR_Master"]
[Result "1-0"]
[WhiteElo "2372"]
[BlackElo "2497"]
[TimeControl "180+1"]
[EndTime "10:57:08 PDT"]
[Termination "Camels1981 won by resignation"]

1. e4 c5 2. Nf3 d6 3. d4 cxd4 4.
Nxd4 Nf6 5. Nc3 a6 6. Bc4 e6 7. Bb3 Be7 8. O-O Nc6 9. Be3 Bd7 10. f4 Qc7 11. Qf3 Rc8 12. Rad1 b5 13. a3 Nxd4 14.
Bxd4 Bc6 15. f5 e5 16. Bf2 Qb7 17. Rfe1 a5 18. Bh4 b4 19. axb4 axb4 20. Bxf6 Bxf6 21. Nd5 Bxd5 22. Rxd5 Qb6+ 23. Qf2 Qxf2+ 24. Kxf2 Ke7 25.
Ra1 Ra8 26. Rda5 Rxa5 27. Rxa5 Rb8 28. Ra7+ Ke8 29. Bxf7+ Kd8 30. Bb3 Be7 31. Be6 h6 32. Kf3 Ke8 33. Kg4 Rb5 34. Bd7+ 1-0

[Event "*** Titled Tuesday Blitz"]
[Site "Chess.com"]
[Date "2021.04.06"]
[Round "5"]
[White "ridnani2021"]
[Black "IngOscarArdila"]
[Result "1-0"]
[WhiteElo "2353"]
[BlackElo "2192"]
[TimeControl "180+1"]
[EndTime "10:57:09 PDT"]
[Termination "ridnani2021 won on time"]

1. e4 e5 2. Nf3 Nc6 3. d4 exd4 4. Nxd4 Bc5 5. Nxc6 Qf6 6. Qf3 Qxf3 7. gxf3 bxc6 8. Be3 Bb4+ 9. c3 Be7 10. Nd2 Nf6 11. Nb3 d5 12. exd5 cxd5 13. O-O-O c6 14.
Nd4 Bd7 15. Ba6 Rb8 16. Rhg1 g6 17. Bh6 Rb6 18. Bd3 c5 19. Ne2 Kd8 20. Nf4 Re8 21. Bc2 Be6 22. Bg7 Rd6 23. Ba4 Rg8 24. Nxe6+ fxe6 25. Bh6 Ra6 26. Bb3 Ke8 27. Kb1 c4 28.
Bc2 Kf7 29. Rde1 Re8 30. h4 Nh5 31. Bg5 Bxg5 32. hxg5 Rb6 33. b4 a5 34. a3 axb4 35.
cxb4 Ra8 36. Kb2 Rba6 37. Ra1 Nf4 38. a4 d4 39. Be4 Rb8 40. b5 Ra5 41. Rgd1 d3 42.
Kc3 Rc8 43. Kb4 e5 44. Kxa5 1-0

[Event "*** Titled Tuesday Blitz"]
[Site "Chess.com"]
[Date "2021.04.06"]
[Round "5"]
[White "Chernobay_Artem"]
[Black "AwareIdea"]
[Result "0-1"]
[WhiteElo "2587"]
[BlackElo "2456"]
[TimeControl "180+1"]
[EndTime "10:57:10 PDT"]
[Termination "AwareIdea won on time"]

1. d4 d5 2. c4 e6 3. Nc3 Nf6 4. cxd5 exd5 5. Bg5 c6 6. e3 Be7 7. Bd3 Nbd7 8. Nge2 h6 9. Bf4 Nh5 10. O-O Nxf4 11. Nxf4 O-O 12. f3 Nf6 13. Qd2 c5 14. dxc5 Bxc5 15. Nfxd5 Re8 16. Nxf6+ gxf6 17. Ne4 Bb6 18. Rfe1 f5 19. Nf2 f4 20. exf4 Rxe1+ 21. Rxe1 Bf5 22. Rd1 Bxd3 23. Qxd3 Qf6 24. Rd2 Qxf4 25.
g3 Qf6 26. Kg2 Rd8 27. Ne4 Qe5 28. Qe2 Rd4 29. Rxd4 Qxd4 30. Nf2 Qd5 31. Nh3 Qxa2 32. Nf4 Bd4 33. Qe8+ Kh7 0-1

[Event "*** Titled Tuesday Blitz"]
[Site "Chess.com"]
[Date "2021.04.06"]
[Round "5"]
[White "jens1102"]
[Black "dosto07"]
[Result "1-0"]
[WhiteElo "2503"]
[BlackElo "2254"]
[TimeControl "180+1"]
[EndTime "10:57:11 PDT"]
[Termination "jens1102 won on time"]

1. d4 d5 2. Nf3 Nf6 3. b3 c5 4.
Bb2 Nc6 5. e3 e6 6. Bb5 Qa5+ 7.
Nc3 Ne4 8. O-O Nxc3 9. Bxc6+ bxc6 10. Qe1 cxd4 11. Nxd4 Qc7 12. Qxc3 Bb7 13. Qd2 Be7 14.
c4 O-O 15. cxd5 cxd5 16. Rfc1 Qd7 17. a4 e5 18. Nb5 d4 19. Rc7 Qd5 20. e4 Qxe4 21.
f3 Bb4 22. fxe4 Bxd2 23. Rxb7 Rac8 24. Nd6 Rc2 25. Nc4 Bf4 26. Rxa7 d3 27. Rd1 Rxc4 28. bxc4 Be3+ 29. Kf1 Bxa7 30. Rxd3 Re8 31. Bxe5 h6 32. Bd4 Rd8 33. Bxa7 Rxd3 34. Bb6 Ra3 35. a5 f6 36. Ke2 Kf7 37. Kd2 Ke6 38. Kc2 Kd7 39. Kb2 Ra4 40.
Kb3 Ra1 41. Kb2 Ra4 42. Kb3 Ra1 43. Kc3 Kc6 44. c5 Ra2 45. g3 Rxh2 46. a6 Ra2 47.
a7 1-0

[Event "*** Titled Tuesday Blitz"]
[Site "Chess.com"]
[Date "2021.04.06"]
[Round "5"]
[White "Firouzja2003"]
[Black "Twitch_ElhamBlitz05"]
[Result "1-0"]
[WhiteElo "3139"]
[BlackElo "2844"]
[TimeControl "180+1"]
[EndTime "10:57:13 PDT"]
[Termination "Firouzja2003 won on time"]

1. d4 Nf6 2. Bg5 d5 3. e3 e6 4. c4 Be7 5. Nc3 O-O 6. Rc1 Nbd7 7. Nf3 h6 8. Bh4 c6 9. Be2 b6 10. O-O Bb7 11. Qc2 Rc8 12. Rfd1 c5 13. dxc5 Nxc5 14. cxd5 Nxd5 15. Bg3 Ne4 16. Qb3 Ndxc3 17. bxc3 Qe8 18.
Ne5 Bd6 19. Bf3 Nxg3 20. Rxd6 Bxf3 21. hxg3 Bd5 22. c4 b5 23. Qa3 Bxc4 24. Nd7 Qe7 25.
Nxf8 Rc6 26. Rcd1 Rxd6 27. Qxd6 Qxf8 28. a3 Qxd6 29. Rxd6 a5 30. Ra6 a4 31. Rb6 g5 32.
e4 Kg7 33. f4 gxf4 34. gxf4 Kg6 35. Kf2 Kh5 36. Rb7 Kg6 37. g4 Kf6 38. Ke3 1-0

[Event "*** Titled Tuesday Blitz"]
[Site "Chess.com"]
[Date "2021.04.06"]
[Round "5"]
[White "retropwr"]
[Black "NaciSAN"]
[Result "0-1"]
[WhiteElo "2409"]
[BlackElo "2269"]
[TimeControl "180+1"]
[EndTime "10:57:13 PDT"]
[Termination "NaciSAN won by resignation"]

1. c4 Nf6 2. Nf3 g6 3. d4 Bg7 4. Nc3 O-O 5. g3 d6 6. Bg2 Nc6 7. O-O Bf5 8. Ne1 e5 9. d5 Ne7 10. e4 Bd7 11. Nd3 c5 12. f4 exf4 13. gxf4 Nh5 14.
Bf3 Bh3 15. Re1 Bd4+ 16. Kh1 Ng7 17. Nb5 f5 18. Nxd4 fxe4 19. Bxe4 cxd4 20. Nf2 Bf5 21. Qxd4 Bxe4+ 22. Nxe4 Nef5 23. Qc3 Qh4 24. b3 Rae8 25. Bb2 Rf7 26. Nf6+ Rxf6 27. Rxe8+ Nxe8 28. Re1 Nfg7 29. Re2 Rxf4 30. Qc1 Qg4 31. Rg2 Qf5 0-1

[Event "*** Titled Tuesday Blitz"]
[Site "Chess.com"]
[Date "2021.04.06"]
[Round "5"]
[White "tvjosue"]
[Black "2nd_life"]
[Result "1/2-1/2"]
[WhiteElo "2567"]
[BlackElo "2418"]
[TimeControl "180+1"]
[EndTime "10:57:14 PDT"]
[Termination "Game drawn by agreement"]

1. Nf3 Nf6 2. g3 d5 3. Bg2 c6 4. O-O Bg4 5. b3 Nbd7 6. Bb2 e6 7.
c4 Be7 8. d3 O-O 9. Nbd2 a5 10. a3 Re8 11. Qc2 Bf8 12. e4 dxe4 13.
dxe4 e5 14. Bc3 Qb6 15. Qb2 Bxf3 16. Bxf3 Bc5 17. b4 axb4 18. axb4 Rxa1 19. Qxa1 Bxb4 20.
Rb1 Bxc3 21. Qxc3 Qc7 22. c5 Rb8 23. h4 b5 24. cxb6 Rxb6 25. Rc1 Qb8 26. Kg2 h6 27. g4 g6 28. Nc4 Rb3 29. Qd2 Qb4 30.
g5 hxg5 31. hxg5 Qxd2 32. Nxd2 Rd3 33. gxf6 Rxd2 34. Rxc6 Kh7 35. Bg4 Kh6 36. Bxd7 Rxd7 37. Rc5 Kg5 38. Rxe5+ Kxf6 39. Rc5 Ke6 40. Kf3 f5 1/2-1/2

[Event "*** Titled Tuesday Blitz"]
[Site "Chess.com"]
[Date "2021.04.06"]
[Round "5"]
[White "lacafi"]
[Black "ri4mi"]
[Result "1-0"]
[WhiteElo "2216"]
[BlackElo "2341"]
[TimeControl "180+1"]
[EndTime "10:57:15 PDT"]
[Termination "lacafi won by checkmate"]

1. d4 d5 2. Nf3 Nf6 3. e3 c6 4.
Nbd2 Bg4 5. Be2 e6 6. b3 Nbd7 7. Bb2 Bd6 8. O-O O-O 9. c4 c5 10. cxd5 exd5 11. dxc5 Nxc5 12. Rc1 Rc8 13. Ne5 Bxe2 14.
Qxe2 Qe7 15. Ndf3 Rfd8 16. Rfd1 Nce4 17. h3 h6 18. Nd3 Bb8 19. a3 Nd7 20. Nf4 Bxf4 21.
exf4 Ndf6 22. Ne5 Rxc1 23. Rxc1 d4 24. Qc4 d3 25. Nxd3 Nd2 26. Qc3 Qe2 27. Ne5 Nde4 28.
Qc7 Qxf2+ 29. Kh1 Rd2 30. Qxf7+ Kh7 31. Qg6+ Kg8 32. Rc8+ Ne8 33. Rxe8# 1-0

[Event "*** Titled Tuesday Blitz"]
[Site "Chess.com"]
[Date "2021.04.06"]
[Round "5"]
[White "KNCP_719"]
[Black "Marianov_Podstavnikov"]
[Result "0-1"]
[WhiteElo "2571"]
[BlackElo "2367"]
[TimeControl "180+1"]
[EndTime "10:57:16 PDT"]
[Termination "Marianov_Podstavnikov won by resignation"]

1. e4 e5 2. Nf3 Nc6 3. Bb5 a6 4. Ba4 Nf6 5. Qe2 b5 6. Bb3 Bc5 7. c3 d6 8. h3 h6 9. O-O O-O 10. Rd1 Re8 11. d3 Be6 12. Bc2 Bb6 13. Nbd2 d5 14.
Nf1 Qd7 15. Ng3 Rad8 16. a4 b4 17. Nh4 Bxh3 18. Nhf5 Bg4 19. Qf1 Bxd1 20. Bxd1 dxe4 21.
Be3 exd3 22. Bb3 bxc3 23. bxc3 Nd5 24. Bd2 Nf4 25. Re1 Ne2+ 26. Kh2 e4 27. Ne3 Nxg3 28.
fxg3 Ne5 29. Qf4 Bxe3 30. Bxe3 Ng4+ 31. Kh1 Nxe3 32. Qxe3 d2 33. Rf1 Re7 34. Bc2 Qg4 35.
Bd1 Qg5 36. Rf4 Re5 37. Kg1 Rd3 38. Qf2 Qxg3 39. Rxf7 Qxf2+ 40. Rxf2 e3 41. Re2 Rxc3 0-1

[Event "*** Titled Tuesday Blitz"]
[Site "Chess.com"]
[Date "2021.04.06"]
[Round "5"]
[White "x-4605984566"]
[Black "SergioGarciaFuentes"]
[Result "0-1"]
[WhiteElo "2445"]
[BlackElo "2328"]
[TimeControl "180+1"]
[EndTime "10:57:16 PDT"]
[Termination "SergioGarciaFuentes won on time"]

1. Nf3 d5 2. g3 g6 3. Bg2 Bg7 4. O-O e5 5. d3 Nc6 6. e4 Nge7 7. Nc3 d4 8. Ne2 O-O 9. Nd2 Be6 10. f4 f5 11. Kh1 Qd7 12. fxe5 Nxe5 13. Nf4 Bf7 14.
Nf3 Ng4 15. Ng5 Ne3 16. Bxe3 dxe3 17. Nxf7 Rxf7 18. c3 Rd8 19. d4 fxe4 20. Bxe4 c5 21.
d5 Rdf8 22. Qe2 Bh6 23. Qxe3 g5 24. Qe2 gxf4 25. Qh5 Rf6 26. g4 Qe8 27. Qh4 Ng6 0-1

[Event "*** Titled Tuesday Blitz"]
[Site "Chess.com"]
[Date "2021.04.06"]
[Round "5"]
[White "Borsuk_Konstantin"]
[Black "guillembaches"]
[Result "0-1"]
[WhiteElo "2671"]
[BlackElo "2511"]
[TimeControl "180+1"]
[EndTime "10:57:17 PDT"]
[Termination "guillembaches won by checkmate"]

1. d4 Nf6 2. c4 e6 3. Nc3 Bb4 4. Qc2 O-O 5. a3 Bxc3+ 6. Qxc3 d5 7. cxd5 exd5 8. Bg5 Bf5 9. e3 h6 10. Bh4 g5 11.
Bg3 Ne4 12. Qc1 Nc6 13. f3 Nxg3 14. hxg3 Qf6 15. Bb5 Rfe8 16. Bxc6 bxc6 17. Kf2 Rab8 18. Qc3 c5 19. Ne2 c4 20. Nc1 c5 21. Rd1 Qb6 22.
Rd2 cxd4 23. exd4 Re6 24. g4 Bg6 25. Re2 Rbe8 26. Ra2 Bd3 27. Rxe6 Qxe6 28. Qd2 Qf6 29. Qc3 Qf4 30. b4 Qe3+ 31. Kg3 Qf4+ 32. Kh3 h5 33.
gxh5 Qh4# 0-1

[Event "*** Titled Tuesday Blitz"]
[Site "Chess.com"]
[Date "2021.04.06"]
[Round "5"]
[White "KaterynaLagno"]
[Black "Tactictic"]
[Result "1-0"]
[WhiteElo "2677"]
[BlackElo "2457"]
[TimeControl "180+1"]
[EndTime "10:57:18 PDT"]
[Termination "KaterynaLagno won by resignation"]

1. e4 c5 2. Nf3 d6 3. Bb5+ Bd7 4. Bxd7+ Qxd7 5. d4 cxd4 6. Qxd4 Nc6 7. Qd3 Nf6 8.
O-O g6 9. Nc3 Bg7 10. Nd5 O-O 11.
Bg5 Ng4 12. h3 h6 13. Bxe7 Nxf2 14. Rxf2 Nxe7 15. c3 Nc6 16. Rd1 Rad8 17. Qe3 Rfe8 18. Qf4 Ne5 19. Nd4 b5 20. Nf6+ Bxf6 21. Qxf6 Qe7 22.
Qxe7 Rxe7 23. Nxb5 Rb7 24. Rxd6 Rxd6 25. Nxd6 Rb6 26.
Rd2 Kf8 27. c4 Rc6 28. b3 Ke7 29.
Nb5 a6 30. Nc3 Ke6 31. Kf2 Nd7 32. Ke3 Nc5 33. Rd8 Rd6 34. Rxd6+ Kxd6 35. b4 Nd7 36.
Kd4 Ne5 37. c5+ Ke6 38. a4 Nc6+ 39. Kc4 Ne5+ 40. Kb3 Nc6 41. b5 Nd4+ 42. Kc4 axb5+ 43. Kxd4 bxa4 44. Nxa4 Kd7 45. Kd5 Kc7 46. c6 f6 47.
Nc3 f5 48. exf5 gxf5 49. Nb5+ Kb6 50. Kd6 Kxb5 51. c7 f4 52. c8=Q f3 53. gxf3 h5 54. Qc5+ 1-0

[Event "*** Titled Tuesday Blitz"]
[Site "Chess.com"]
[Date "2021.04.06"]
[Round "5"]
[White "Zmof"]
[Black "BigAl"]
[Result "0-1"]
[WhiteElo "2220"]
[BlackElo "2492"]
[TimeControl "180+1"]
[EndTime "10:57:19 PDT"]
[Termination "BigAl won by resignation"]

1. e4 c6 2. d4 d5 3. Nc3 dxe4 4.
Nxe4 Nf6 5. Nxf6+ exf6 6. Bc4 Bd6 7. Qe2+ Be7 8. Nf3 O-O 9. Be3 Re8 10. O-O Na6 11. Rfe1 Nc7 12. Qd2 Bg4 13. Be2 Nd5 14.
h3 Bh5 15. Nh4 Bxe2 16. Rxe2 g6 17. Nf3 Bd6 18. Rae1 Qd7 19. c3 b5 20. Qd3 Re6 21. Bd2 Rae8 22. Rxe6 Rxe6 23. Rxe6 Qxe6 24. b3 Nb6 25. Qe3 Nd5 26. Qxe6 fxe6 27. Kf1 Nb6 28. Ke2 Kf7 29. Kd3 Be7 30. c4 a6 31. Ba5 Nd7 32.
a4 Bd6 33. Nd2 e5 34. Ne4 Bf8 35. d5 cxd5 36. cxd5 h6 37. axb5 axb5 38. Bc7 f5 39.
Nd6+ Bxd6 40. Bxd6 Kf6 41. f3 Nb6 42. f4 exf4 43.
Kd4 g5 44. Kc5 Nc8 45. Bf8 h5 46. Kc6 g4 47. Bc5 Ke5 48. d6 Nxd6 49. Bxd6+ Ke4 50. Kxb5 f3 51. g3 f2 0-1